 Dungeon Crawl Stone Soup version 0.30-a0-137-gd8773701ce (webtiles) character file.

Game seed: 10677464046533072631

335 billz999 the Ogre Mage (level 6, -2/79 HPs)
             Began as an Ogre Air Elementalist on Sept 21, 2022.
             Was an Initiate of Sif Muna.
             Slain by an ice beast (14 damage)
             ... on level 5 of the Dungeon on Sept 22, 2022.
             The game lasted 00:23:22 (5279 turns).

billz999 the Ogre Mage (Ogre Air Elementalist)      Turns: 5279, Time: 00:23:23

Health: -2/79      AC:  3    Str: 13    XL:     6   Next: 53%
Magic:  13/13      EV: 10    Int: 18    God:    Sif Muna [......]
Gold:   292        SH:  0    Dex:  9    Spells: 3/14 levels left

rFire   . . .      SeeInvis .    d - +0 dagger
rCold   . . .      Faith    .    (no shield)
rNeg    . . .      Spirit   .    a - +0 robe
rPois   .          Reflect  .    (helmet restricted)
rElec   .          Harm     .    (no cloak)
rCorr   .          Rampage  .    (gloves unavailable)
Will    .....                    (boots unavailable)
Stlth   ..........               j - amulet of magic regeneration
HPRegen 0.23/turn                (no ring)
MPRegen 0.53/turn                (no ring)

@: berserking, sluggish, quick
A: large, unfitting armour, tough skin 1
a: Renounce Religion


You were on level 5 of the Dungeon.
You worshipped Sif Muna.
Sif Muna was noncommittal.
You visited 2 branches of the dungeon, and saw 6 of its levels.
You also visited: Sewer.

You collected 292 gold pieces.

Inventory:

Hand Weapons
 d - a +0 dagger (weapon)
Armour
 a - a +0 robe (worn)
Jewellery
 f - a ring of positive energy
 j - an amulet of magic regeneration (around neck)
Scrolls
 c - a scroll of silence
 h - 2 scrolls of blinking
 i - 2 scrolls of enchant weapon
 k - 2 scrolls of poison {unknown}
 m - a scroll of summoning
 n - a scroll of magic mapping
 o - 5 scrolls of identify
Potions
 b - a potion of magic
 e - a potion of attraction
 l - a potion of curing
 r - a potion of flight {unknown}


   Skills:
 - Level 2.1 Dodging
 - Level 1.8 Stealth
 + Level 4.7 Spellcasting
 + Level 2.8 Conjurations
 * Level 4.2 Air Magic


You had 3 spell levels left.
You knew the following spells:

 Your Spells              Type           Power      Damage    Failure   Level
a - Shock                 Conj/Air       68%        1d7       3%          1
b - Swiftness             Air            19%        N/A       7%          3
c - Airstrike             Air            9%         2d(2-18)  24%         4
d - Mephitic Cloud        Conj/Pois/Air  12%        N/A       16%         3

Your spell library contained the following spells:

 Spells                   Type           Power      Damage    Failure   Level
 Magic Dart               Conj           56%        1d5       4%          1
 Static Discharge         Conj/Air       34%        2-4/arc   4%          2
 Call Imp                 Summ           4%         N/A       21%         2
 Ensorcelled Hibernation  Hex/Ice        8%         N/A       21%         2
 Passwall                 Tmut/Erth      3%         N/A       21%         2


Dungeon Overview and Level Annotations

Branches:
Dungeon (5/15)             Temple (1/1) D:4           Sewer (visited)

Altars:
Ashenzari
Cheibriados
Dithmenos
Elyvilon
Hepliaklqana
Kikubaaqudgha
Makhleb
Qazlal
Sif Muna
Uskayaw
Yredelemnul
Zin

Annotations:
D:3 Edmund


Innate Abilities, Weirdness & Mutations

You are too large for most types of armour.
You have tough skin. (AC +1)


Message History

Okay, then.
Casting: Shock (safe; 3% risk of failure)
Confirm with . or Enter, or press ? or * to list all spells.
You feel quick. The ice beast closely misses you.
Casting: Swiftness (dangerous; 7% risk of failure)
Confirm with . or Enter, or press ? or * to list all spells.
Aiming: Shock (safe; 3% risk of failure)
Press: ? - help, Shift-Dir - straight line The zap misses the ice beast.
You start to feel a little slower.
Casting: Shock (safe; 3% risk of failure)
Confirm with . or Enter, or press ? or * to list all spells.
Aiming: Shock (safe; 3% risk of failure)
Press: ? - help, Shift-Dir - straight line The zap hits the ice beast.
The ice beast is moderately wounded.
You aren't carrying any items that you can evoke.
Okay, then.
Casting: Shock (safe; 3% risk of failure)
Confirm with . or Enter, or press ? or * to list all spells.
Aiming: Shock (safe; 3% risk of failure)
Press: ? - help, Shift-Dir - straight line The zap hits the ice beast.
The ice beast is moderately wounded.
You feel sluggish.
A red film seems to cover your vision as you go berserk!
You feel yourself moving faster!
You feel mighty! The ice beast hits you. The ice beast freezes you!
* * * LOW HITPOINT WARNING * * *
You closely miss the ice beast.
The ice beast is moderately wounded.
You hit the ice beast.
The ice beast is moderately wounded.
The ice beast barely misses you.
You hit the ice beast.
The ice beast is heavily wounded.
The ice beast hits you.
* * * LOW HITPOINT WARNING * * *
The ice beast freezes you!
You die...

##...## ##...## ##...## ##...##
###..## # ##..## .## ##..##
...# ######## ##.Y####....
####...## #..@.)>.... ##.###..#
##.....#### #...##.## ##....#
#....#..## #....# #.
##.#####..# #....# #..
##..#...#..#####....## #...
#...'._.#.....##.....## ####...
#...#...#..##..#......####....#
#.#.#####..###.#(......(....#


You could see an ice beast.

Vanquished Creatures
  A hound (D:4)
  2 iguanas
  2 orc wizards
  A hell rat (Sewer)
  3 adders
  3 gnolls (D:4)
  A shadow imp (D:5)
  2 worms (D:3)
  4 dart slugs
  5 orcs
  6 ball pythons
  7 bats
  11 endoplasms
  5 giant cockroaches
  5 goblins
  5 hobgoblins
  5 jackals
  9 quokkas
  4 frilled lizards
  3 kobolds
  15 rats
99 creatures vanquished.

Vanquished Creatures (collateral kills)
  A quokka (D:3)
1 creature vanquished.

Grand Total: 100 creatures vanquished

Notes
Turn   | Place    | Note
-------+----------+-------------------------------------------
     0 | D:1      | billz999 the Ogre Air Elementalist began the quest for the
                  | Orb.
     0 | D:1      | Reached XP level 1. HP: 16/16 MP: 3/3
   102 | D:1      | Reached skill level 1 in Conjurations
   274 | D:1      | Reached XP level 2. HP: 24/24 MP: 2/5
   735 | D:1      | Reached XP level 3. HP: 31/31 MP: 5/7
   791 | D:1      | Found a faded altar of an unknown god.
  2235 | D:3      | Found a glowing drain.
  2275 | D:3      | Reached XP level 4. HP: 29/39 MP: 3/8
  2368 | Sewer    | Entered a sewer
  2766 | D:3      | Reached XP level 5. HP: 39/45 MP: 5/10
  3302 | D:4      | Found a burning altar of Makhleb.
  3302 | D:4      | Found a glowing silver altar of Zin.
  3733 | D:4      | Found a staircase to the Ecumenical Temple.
  3739 | Temple   | Entered the Ecumenical Temple
  3744 | Temple   | Became a worshipper of Sif Muna the Loreminder
  3777 | D:4      | Noticed Edmund
  3813 | D:4      | HP: 2/45 [Edmund/+1 flail of protection (12)]
  3990 | D:3      | Learned a level 3 spell: Swiftness
  3995 | D:3      | Learned a level 4 spell: Airstrike
  4125 | D:4      | Found a stormy altar of Qazlal.
  4302 | D:4      | Reached XP level 6. HP: 37/53 MP: 8/12
  4582 | D:4      | Learned a level 3 spell: Mephitic Cloud
  4713 | D:5      | Entered Level 5 of the Dungeon
  5070 | D:5      | Found a broken altar of Ashenzari.
  5253 | D:5      | Noticed an ice beast
  5279 | D:5      | Slain by an ice beast

Illustrated notes

Levels and vault maps discovered:
D:1:      eino_arrival_water_star, layout_rooms,
          hellmonk_ecumenical_altar_inner_sanctum,
          chequers_serial_rivers_large_a
D:2:      layout_basic
D:3:      layout_basic, portal_sewer_entry_f, dreamdust_wishing_well
D:4:      layout_rooms, grunt_temple_overflow_open, minmay_temple_entry_fiery,
          uniq_edmund
D:5:      layout_layer_cave, nicolae_ashenzari_skybound, serial_shops,
          nicolae_shop_bloodbath_and_beyond, uniq_ijyb
Temple:   hellmonk_temple_micro_hex

Skill      XL: |  1  2  3  4  5  6 |
---------------+-------------------+-----
Conjurations   | 1 2 |  2.8
Dodging        | 2 |  2.1
Air Magic      | 3 4 |  4.2
Spellcasting   | 3 4 |  4.7
Stealth        | |  1.8

Action                   |  1- 3 |  4- 6 || total
-------------------------+-------+-------++-------
Melee: Unarmed           |     5 |       ||     5
       Dagger            |    36 |    23 ||    59
       Punch             |     1 |       ||     1
 Cast: Shock             |   100 |   165 ||   265
       Swiftness         |       |     1 ||     1
  Use: Scroll            |     4 |     5 ||     9
       Potion            |       |     7 ||     7
 Stab: Sleeping          |       |     2 ||     2
Armor: Robe              |    43 |    14 ||    57
       Skin              |       |     9 ||     9
Dodge: Dodged            |    58 |    52 ||   110

Table legend: (Time is in decaauts)
 A = Elapsed time spent in this place.
 B = Non-inter-level travel time spent in this place.
 C = Inter-level travel time spent in this place.
 D = Time resting spent in this place.
 E = Time spent auto-exploring this place.
 F = Levels seen in this place.
 G = Mean time per level.
                   A        B        C        D        E       F      G
               +--------+--------+--------+--------+--------+-----+--------+
         Total |   5327 |   4989 |    338 |    457 |   3736 |   7 |  761.0 |
       Dungeon |   5137 |   4807 |    330 |    457 |   3611 |   5 | 1027.4 |
        Temple |     10 |      2 |      8 |      0 |      0 |   1 |   10.0 |
         Sewer |    179 |    179 |      0 |      0 |    125 |   1 |  179.0 |
               +--------+--------+--------+--------+--------+-----+--------+

Top non-repeatable levels by time:
     D:3: 1504 daAuts
     D:1: 1355 daAuts
     D:2: 916 daAuts
     D:4: 799 daAuts
     D:5: 562 daAuts
   Sewer: 179 daAuts
  Temple: 10 daAuts
